 Dungeon Crawl Stone Soup version 0.17-a0-1382-gc46a074 (webtiles) character file.

93 bal the Insei (level 4, -2/24 HPs)
             Began as a Vine Stalker Monk on June 15, 2015.
             Slain by Raurakos's ghost (6 damage)
             ... on level 3 of the Dungeon.
             The game lasted 00:06:40 (1454 turns).

bal the Insei (Vine Stalker Monk)                   Turns: 1454, Time: 00:06:42

Health: -2/24      AC:  4    Str: 14    XL:     4   Next: 61%
Magic:  0/5        EV: 14    Int: 10    God:
Gold:   106        SH:  0    Dex: 17    Spells: 0 memorised, 3 levels left

rFire  . . .     SeeInvis .     t - +0 war axe
rCold  . . .     Clarity  .     a - +0 robe
rNeg   . . .     SustAt   .     (no shield)
rPois  .         Gourm    .     (no helmet)
rElec  .         Spirit   +     e - +0 cloak (curse)
rCorr  .         Warding  .     (no gloves)
rMut   .         Stasis   .     j - +0 pair of boots
MR     .....                    (no amulet)
Stlth  ++........               (no ring)
                                (no ring)

@: not resistant to hostile enchantments, unstealthy
A: fangs 2, regeneration 1, magic shield, antimagic bite, no device heal 3, rot
immunity
a: no special abilities


You were on level 3 of the Dungeon.
You were not hungry.

You visited 1 branch of the dungeon, and saw 3 of its levels.

You collected 106 gold pieces.

Inventory:

Hand weapons
 i - a +0 hand axe
 t - a +0 war axe (weapon)
Missiles
 c - 4 poisoned needles
 k - 2 throwing nets (quivered)
 o - 34 sling bullets
Armour
 a - a +0 robe (worn)
 e - a cursed +0 cloak (worn)
 j - a +0 pair of boots (worn)
Jewellery
 m - a cursed ring of teleportation {unknown}
Scrolls
 h - a scroll of identify
 n - a scroll of immolation {unknown}
 q - a scroll of teleportation {unknown}
 r - a scroll of recharging {unknown}
Potions
 f - a potion of might
Comestibles
 b - 6 bread rations
 d - 2 meat rations
 g - 2 fruits
 l - a chunk of flesh
 s - a beef jerky


   Skills:
 + Level 3.1 Fighting
 + Level 3.2 Dodging
 + Level 3.0 Stealth
 + Level 4.6 Unarmed Combat


You had 3 spell levels left.
You didn't know any spells.

Dungeon Overview and Level Annotations

Branches:
Dungeon (3/15)

Altars:
Fedhas

Annotations:
D:3 Raurakos's ghost, average VSTm


Innate Abilities, Weirdness & Mutations

You have extremely sharp teeth.
Your natural rate of healing is unusually fast.
When hurt, damage is shared between your health and your magic reserves.
Your bite disrupts and absorbs the magic of your enemies.
Potions and wands cannot restore your health.
You are immune to rotting.


Message History

You hit Raurakos's ghost. You bite Raurakos's ghost. You drain its power.
You feel invigorated.
Raurakos's ghost is almost destroyed.
Raurakos's ghost hits you!
* * * LOW HITPOINT WARNING * * *
You barely miss Raurakos's ghost.
You bite Raurakos's ghost, but do no damage.
Raurakos's ghost is almost destroyed.
Raurakos's ghost hits you but does no damage.
Raurakos's ghost barely misses you.
You hit Raurakos's ghost but do no damage.
Raurakos's ghost is almost destroyed.
Raurakos's ghost hits you but does no damage.
You hit Raurakos's ghost but do no damage.
You bite Raurakos's ghost, but do no damage.
Raurakos's ghost is almost destroyed.
Raurakos's ghost hits you.
* * * LOW HITPOINT WARNING * * *
Raurakos's ghost hits you!
You die...

####.#.#.# #.#....# .
...#...#.###.#....###....
.........................
.........###.#....###...
########## #............
############.......##. (
#..........#.......# ..
###..........#†.W....##...
..........).....@.........
###........÷.#...........#
#..........#....†..(...#
#####......######......#
#.......# ......#
#.......# ......#
#.......# #.....#
###.....# ###### #.....#


You could see Raurakos's ghost.

Vanquished Creatures
  3 adders
  2 oozes
  3 worms
  3 giant geckos
  8 goblins
  4 hobgoblins
  5 kobolds
  2 quokkas (D:2)
  3 bats
  4 giant cockroaches
  2 giant newts (D:1)
  7 rats
46 creatures vanquished.

Notes
Turn   | Place    | Note
--------------------------------------------------------------
     0 | D:1      | bal the Vine Stalker Monk began the quest for the Orb.
     0 | D:1      | Reached XP level 1. HP: 11/11 MP: 2/2
    63 | D:1      | Reached XP level 2. HP: 16/16 MP: 3/3
   719 | D:2      | Found a faded altar to an unknown god.
   726 | D:2      | Reached XP level 3. HP: 19/19 MP: 4/4
   959 | D:2      | Reached XP level 4. HP: 24/24 MP: 5/5
  1127 | D:2      | Found a blossoming altar of Fedhas.
  1329 | D:3      | Noticed Raurakos's ghost (average VSTm)
  1454 | D:3      | Slain by Raurakos's ghost

Vault maps used:
D:1:      dpeg_arrival_rhombi
D:2:      lemuel_coloured_pillars_altar, ecumenical_altar_2,
          minmay_misc_feat_four_crosses
D:3:      nicolae_overflow_crystal_walls

Action                   |  1- 3 |  4- 6 || total
-------------------------+-------+-------++-------
Melee: Unarmed           |    86 |     5 ||    91
       War axe           |       |    44 ||    44
  Use: Scroll            |       |     2 ||     2
       Potion            |       |     1 ||     1
 Stab: Sleeping          |     3 |     1 ||     4
  Eat: Chunk             |       |     2 ||     2
